 Dungeon Sprint DCSS version 0.23.0-3-gf3c87f2 (webtiles) character file.

Game seed: 13191646073050038460

54 nuthulu the Fighter (level 7, 0/118 HPs)
             Began as a Minotaur Fighter on Feb 24, 2019.
             Was a Follower of Okawaru.
             Succumbed to an orange demon's poison
             ... in the Dungeon (Sprint VI: "Thunderdome").
             The game lasted 00:02:10 (331 turns).

nuthulu the Fighter (Minotaur Fighter)               Turns: 331, Time: 00:02:10

Health: 0/118      AC: -17   Str: 34    XL:     7   Next: 15%
Magic:  15/15      EV:  8    Int: 13    God:    Okawaru [*.....]
Gold:   145        SH: 10    Dex:  9    Spells: 6/6 levels left

rFire    + + .     SeeInvis .   a - +0 war axe
rCold    + . .     Gourm    .   c - +0 shield
rNeg     . . .     Faith    .   b - +0 scale mail
rPois    .         Spirit   .   (helmet restricted)
rElec    .         Reflect  .   (no cloak)
rCorr    .         Harm     .   (no gloves)
MR       .....     NoTele   +   (no boots)
Stlth    ..........             p - amulet of Mamanoy {*Contam +Rage rF- Str+6 Int+4}
HPRegen  0.29/turn              q - ring "Mywax" {rF++ MR- Int+4}
MPRegen  0.14/turn              r - ring "Loutelimm" {rF+ rC+ MP+9}

@: mighty, berserking, lethally poisoned (0 -> -29), weakened, corroded, very
quick
A: retaliatory headbutt, horns 2
a: Heroism, Renounce Religion, Evoke Berserk Rage


You were in the Dungeon.
You worshipped Okawaru.
Okawaru was aware of your devotion.
You were not hungry.

You visited 1 branch You collected 280 gold pieces.
You spent 135 gold pieces at shops.

Inventory:

Hand Weapons
 a - a +0 war axe (weapon)
Armour
 b - a +0 scale mail (worn)
 c - a +0 shield (worn)
Jewellery
 p - the amulet of Mamanoy (around neck) {*Contam +Rage rF- Str+6 Int+4}
   (You bought it in a shop in the Dungeon)

   [amulet of rage]

   It affects your strength (+6).
   It affects your intelligence (+4).
   It makes you vulnerable to fire.
   It lets you go berserk.
   It causes magical contamination when unequipped.
 q - the ring "Mywax" (left hand) {rF++ MR- Int+4}
   (You bought it in a shop in the Dungeon)

   [ring of intelligence]

   It affects your intelligence (+4).
   It greatly protects you from fire.
   It affects your resistance to hostile enchantments.
 r - the ring "Loutelimm" (right hand) {rF+ rC+ MP+9}
   (You bought it in a shop in the Dungeon)

   [ring of magical power]

   It protects you from fire.
   It protects you from cold.
   It affects your magic capacity (+9).
Wands
 l - a wand of acid (5)
 m - a wand of iceblast (5)
Scrolls
 k - 4 scrolls of blinking
 n - 3 scrolls of fog
Potions
 g - 4 potions of heal wounds
 h - 2 potions of haste
 i - 2 potions of magic
 o - a potion of resistance
Comestibles
 f - a ration
 s - 3 chunks of flesh


   Skills:
 + Level 13.1 Fighting
 + Level 12.9 Axes
 - Level 3.6 Armour
 - Level 3.6 Shields
 + Level 0.0 Invocations


You had 6 spell levels left.
You didn't know any spells.
Your spell library was empty.

Dungeon Overview and Level Annotations

Branches:
Dungeon (1/1)

Altars:
Cheibriados
Dithmenos
Fedhas
Gozag
Kikubaaqudgha
Makhleb
Okawaru
Qazlal
Ru
Sif Muna
Trog
Uskayaw
Vehumet
Wu Jian
Xom
Yredelemnul
Zin
The Shining One
Beogh
Jiyva
Lugonu

Shops:
D *[%??*?*:[((!!!!


Innate Abilities, Weirdness & Mutations

You reflexively headbutt those who attack you in melee.
You have a pair of horns on your head.


Message History

You hit the rust devil but do no damage.
You feel sick. The orange demon stings you!
* * * LOW HITPOINT WARNING * * *
You are lethally poisoned!
The orange demon poisons you! You block the orange demon's attack.
The rust devil hits you!
* * * LOW HITPOINT WARNING * * *
The rust devil corrodes you!
Unknown command.
You hit the rust devil but do no damage.
You headbutt the rust devil, but do no damage.
You hit the orange demon but do no damage.
* * * LOW HITPOINT WARNING * * *
You feel sick.
Unknown command.
Unknown command.
You hit the rust devil. Your headbutt misses the rust devil.
The rust devil is lightly wounded.
You hit the orange demon but do no damage.
You die...

#_......._# #........_#
#........_# ###.........###
#⌠÷..........⌠#
######.8.........8.#####
##∩___......###......_._∩
###∩........8.# #.8........
##........4@...###..........
#⌠.........4###...###.......
#⌠..........# #.<.# #.......
#⌠..........###...###.......
##......[...[..###..........
###∩........8.# #.8........
##∩___......###......___∩
######.8.........8.#####
#§...........⌠#


You could see an orange demon and a rust devil.

Vanquished Creatures
  A rust devil (D)
  Sigmund (D)
  A phantom (D)
  Jessica (D)
  An adder (D)
  2 bats (D)
  A giant cockroach (D)
  2 hobgoblins (D)
  A frilled lizard (D)
  A jackal skeleton (D)
12 creatures vanquished.

Notes
Turn   | Place    | Note
-------+----------+-------------------------------------------
     0 | D        | nuthulu the Minotaur Fighter began the quest for the Orb.
     0 | D        | Reached XP level 1. HP: 19/19 MP: 0/0
     1 | D        | Found a radiant altar of Vehumet.
     2 | D        | Found a stormy altar of Qazlal.
     3 | D        | Found a sacrificial altar of Ru.
     3 | D        | Found a snail-covered altar of Cheibriados.
     4 | D        | Found Yti Bal's Delicious Food.
     4 | D        | Found a viscous altar of Jiyva.
     4 | D        | Found a corrupted altar of Lugonu.
     4 | D        | Found Kuywuisk's Identification Station.
     5 | D        | Found Hueb's Jewellery.
     5 | D        | Found Xiotiowa's Advanced Armour.
     5 | D        | Round 1.
     7 | D        | Noticed Sigmund
     9 | D        | Reached skill level 4 in Fighting
    13 | D        | Found an iron altar of Okawaru.
    20 | D        | Killed Sigmund
    20 | D        | Reached skill level 9 in Fighting
    20 | D        | Reached XP level 2. HP: 31/37 MP: 1/1
    20 | D        | Reached XP level 3. HP: 37/44 MP: 2/2
    20 | D        | Reached XP level 4. HP: 43/50 MP: 3/3
    20 | D        | Reached XP level 5. HP: 49/57 MP: 4/4
    27 | D        | Bought a glittering jade amulet for 45 gold pieces
    27 | D        | Bought a flickering wooden ring for 45 gold pieces
    27 | D        | Bought a coiled bronze ring for 45 gold pieces
    27 | D        | Identified the amulet of Mamanoy {*Contam +Rage rF- Str+6
                  | Int+4} (You bought it in a shop in the Dungeon)
    28 | D        | Identified the ring "Mywax" {rF++ MR- Int+4} (You bought it
                  | in a shop in the Dungeon)
    29 | D        | Identified the ring "Loutelimm" {rF+ rC+ MP+9} (You bought
                  | it in a shop in the Dungeon)
    35 | D        | Found a deep blue altar of Sif Muna.
    36 | D        | Found an ornate altar of the Wu Jian Council.
    37 | D        | Found Veuhiet's Premium Goods.
    38 | D        | Found a basalt altar of Yredelemnul.
    38 | D        | Found an opulent altar of Gozag.
    38 | D        | Found a bloodstained altar of Trog.
    38 | D        | Found Xics's Weapon Rack.
    38 | D        | Found Hyosu's Miscellaneous Merchandise.
    38 | D        | Found Jomalag's Basic Armour.
    42 | D        | Found a burning altar of Makhleb.
    43 | D        | Found an ancient bone altar of Kikubaaqudgha.
    44 | D        | Found a glowing silver altar of Zin.
    45 | D        | Found Mytoez's Do-It-Yourself Clinic.
    46 | D        | Found Sirolitwu's Bottled Wisdom.
    46 | D        | Found Zufyif's Distillery.
    47 | D        | Found a blossoming altar of Fedhas.
    47 | D        | Found a shadowy altar of Dithmenos.
    47 | D        | Found Dekax's Distillery.
    51 | D        | Found a hide-covered altar of Uskayaw.
    52 | D        | Found a shimmering altar of Xom.
    53 | D        | Found a glowing golden altar of the Shining One.
    54 | D        | Found a roughly hewn altar of Beogh.
    54 | D        | Found Tacvaimi's Staff Store.
    54 | D        | Found Jazakhos's Magic Scroll Shop.
    55 | D        | Found Aquoshroff's Must-Have Magic.
    55 | D        | Found Vifa's Magic Scroll Shop.
    77 | D        | Became a worshipper of Warmaster Okawaru
    89 | D        | Noticed Jessica
   102 | D        | Killed Jessica
   133 | D        | Arena points: 12 (+12) [x2]
   133 | D        | Reached skill level 10 in Fighting
   195 | D        | Round 2.
   198 | D        | Noticed a phantom
   206 | D        | Killed a phantom
   206 | D        | Reached skill level 11 in Fighting
   206 | D        | Reached skill level 10 in Axes
   206 | D        | Reached XP level 6. HP: 57/68 MP: 5/5
   214 | D        | Arena points: 54 (+42) [x3]
   281 | D        | Round 3.
   285 | D        | Noticed a rust devil
   297 | D        | Killed a rust devil
   297 | D        | Reached * piety under Okawaru
   297 | D        | Reached skill level 13 in Fighting
   297 | D        | Reached XP level 7. HP: 48/79 MP: 6/6
   312 | D        | Noticed an orange demon
   315 | D        | Noticed a rust devil
   329 | D        | HP: 3/118 [rust devil (11)]
   331 | D        | Succumbed to an orange demon's poison

Skill      XL: |  1  2  3  4  5  6 |
---------------+-------------------+-----
Fighting       | 9 11 13 | 13.1
Axes           | 9 10 12 | 12.9
Armour         | |  3.6
Shields        | |  3.6

Action                   |  1- 3 |  4- 6 |  7- 9 || total
-------------------------+-------+-------+-------++-------
Melee: War axe           |     5 |    30 |     7 ||    42
       Headbutt          |     1 |    10 |     3 ||    14
  Use: Potion            |     2 |     2 |     2 ||     6
Armor: Scale mail        |       |     6 |       ||     6
Dodge: Dodged            |     2 |     3 |     4 ||     9
Block: Shield            |     2 |     7 |     1 ||    10
